 Dungeon Crawl Stone Soup version 0.31-a0-256-g80acddb972 (webtiles) character file.

Game seed: 1728867167085528239

4 Morbidden the Changeling (level 1, 17/17 HPs)
             Began as a Demigod Shapeshifter on July 13, 2023.
             Quit the game on level 1 of the Dungeon.
             The game lasted 00:00:21 (277 turns).

Morbidden the Changeling (Demigod Shapeshifter)      Turns: 277, Time: 00:00:21

Health: 17/17      AC:  2    Str: 16    XL:     1   Next: 46%
Magic:  3/3        EV: 12    Int: 10    God:
Gold:   10         SH:  0    Dex: 14    Spells: 0/0 levels left

rFire   . .          .
                       - Unarmed
rCold   . . .        (no shield)
rNeg    . . .        a - +0 animal skin
rPois   .            (helmet currently unavailable)
rElec   .            (cloak currently unavailable)
rCorr   .            (gloves currently unavailable)
SInv    .            (boots currently unavailable)
Will    .....        (no amulet)
Stlth   +            (no ring)
HPRegen 0.22/turn    (no ring)
MPRegen 0.08/turn

%: no passive effects
@: beast-form
A: beast (slay +2), high MP 1, forlorn, divine attributes
a: no special abilities


You were on level 1 of the Dungeon.
You were a hulking beast.
You visited 1 branch of the dungeon, and saw 1 of its levels.

You collected 10 gold pieces.

Inventory:

Armour
 a - a +0 animal skin (worn)
Talismans
 c - a beast talisman
Scrolls
 d - 2 scrolls of poison {unknown}
 e - 2 scrolls of teleportation {unknown}
Potions
 b - a potion of lignification


   Skills:
 * Level 1.8 Fighting
 * Level 1.7 Dodging
 * Level 1.9 Unarmed Combat
 * Level 2.8 Shapeshifting


You couldn't memorise any spells.
You didn't know any spells.
Your spell library was empty.

Dungeon Overview and Level Annotations

Branches:
Dungeon (1/15)


Innate Abilities, Weirdness & Mutations

You are a hulking beast.
Your limbs bulge with bestial killing power. (Slay +2)
You have an increased reservoir of magic. (+10% MP)
You shall have no god before yourself.
Your divine heritage dramatically boosts your attributes as you level up.


Message History

Unknown command.
A kobold is nearby!
You barely miss the kobold.
The kobold is heavily wounded.
The kobold hits you with a +0 dagger.
Unknown command.
A kobold is nearby!
You hit the kobold.
You kill the kobold!
Unknown command.
Key pressed, stopping explore.
No target in view!
Unknown command.
Key pressed, stopping explore.
No target in view!
Unknown command.
No target in view!
Unknown command.
No target in view!
Unknown command.
No target in view!
Key pressed, stopping explore.
Unknown command.
No target in view!
Unknown command.
HP restored.
You open the door.
There is an open door here.
e - 2 scrolls labelled BOPE FELUYT (gained 1)
A rat comes into view.
You hit the rat.
You kill the rat!
Unknown command.
You see here a rat corpse.
A ball python comes into view.
Unknown command.
A ball python is nearby!
Unknown command.
A ball python is nearby!
Are you sure you want to abandon this character and quit the game? (Confirm with "yes".)

### #### #.. ..#
##.#.#####.#
#.#.......h####
##.#.#.###....$S..
###....#.###...####.
#......#........#
.#..†.........##
##.#######..##
#.#######..#
###.###.#
#..........# .....
..# ##########'##
#.... ..#


You could see a ball python (asleep).

Vanquished Creatures
  A goblin (D:1)
  2 kobolds (D:1)
  2 rats (D:1)
5 creatures vanquished.

Notes
Turn   | Place    | Note
-------+----------+-------------------------------------------
     0 | D:1      | Morbidden the Demigod Shapeshifter began the quest for the
                  | Orb.
     0 | D:1      | Reached XP level 1. HP: 17/17 MP: 3/3
   277 | D:1      | Quit the game

Illustrated notes

Levels and vault maps discovered:
D:1:      dpeg_arrival_rooms_a, layout_loops_corners, serial_shops, shop,
          chequers_serial_rivers_micro_b, kennysheep_nondescript

Action                     || total
---------------------------++-------
  Melee: Unarmed           ||    12
 Armour: Animal skin       ||     3
  Dodge: Dodged            ||     3

Table legend: (Time is in decaauts)
 A = Elapsed time spent in this place.
 B = Non-inter-level travel time spent in this place.
 C = Inter-level travel time spent in this place.
 D = Time resting spent in this place.
 E = Time spent auto-exploring this place.
 F = Levels seen in this place.
 G = Mean time per level.
                   A        B        C        D        E       F      G
               +--------+--------+--------+--------+--------+-----+--------+
         Total |    276 |    276 |      0 |      0 |    245 |   1 |  276.0 |
       Dungeon |    276 |    276 |      0 |      0 |    245 |   1 |  276.0 |
               +--------+--------+--------+--------+--------+-----+--------+

Top non-repeatable levels by time:
     D:1: 276 daAuts
